[Event "Budapest One Week IM-A 03-2025"]
[Site "Budapest"]
[Date "2025.03.18"]
[Round "3.1"]
[White "Rydstrom, Tom"]
[Black "Turzo, Attila"]
[Result "1/2-1/2"]
[Annotator "TA"]
[ECO "C54"]
[WhiteElo "2301"]
[BlackElo "2272"]
[PlyCount "81"]
[EventDate "2025.03.17"]
[EventType "tourn"]
[EventCountry "HUN"]
[SourceTitle "playchess.com"]
[Source "ChessBase"]
[SourceQuality "1"]
[TimeControl "5400+30"]

1. e4 e5 2. Nf3 Nc6 3. Bc4 Bc5 4. c3 Nf6 5. d3 a6 6. Nbd2 Ba7 7. O-O O-O 8. Re1 d6 9. Bb3 Ng4 10. Re2 Kh8 11. h3 Nh6 12. Nf1 f5 13. exf5 {[%emt 0:38:38] C54: Giuoco Piano: 4 c3 Nf6, main lines with 5 d4 and 5 d3.} Bxf5 14. Re1 Qf6 15. Bd5 $146 (15. Ng3 Qg6 16. Nxf5 Nxf5 17. Re4 h6 18. a4 Rf6 19. a5 Raf8 20. Rg4 Qh5 21. Raa4 Nfe7 22. Rg3 Nf5 23. Rgg4 Nfe7 24. Rg3 Nf5 {½-½ Fruebing,S (2343)-Sorokin,M (2517) EU-ch 8th Dresden 2007 (6)}) 15... Rae8 16. Ng3 Bc8 17. Ne4 Qd8 18. Bg5 Qd7 19. b4 (19. Be3 Bxe3 20. fxe3 Ne7 21. Bb3) 19... Ne7 20. Bb3 Ng6 21. d4 exd4 22. cxd4 Nf5 $1 23. Qd3 h6 24. Bd2 Nfh4 (24... Qb5 {simplifies} 25. Qxb5 axb5 26. Rac1 Bb6) 25. Nxh4 {[%emt 0:02:00] Successful Defense White} Nxh4 26. Bc2 ({Better is} 26. Nc3 $15) 26... Qf5 $2 (26... Qf7 $17 {And now ...d5 would win.} 27. Kh1 Bf5) 27. Qg3 $11 Bxd4 {[%emt 0:03:31][%cal Oe8e4] [#]} 28. Qxh4 {[%emt 0:01:19][%cal Od2h6] Strongly threatening Bxh6!.} d5 29. Rad1 (29. Bc3 $11 Rxe4 30. Bxe4 Bxf2+ (30... Qxf2+ 31. Qxf2 Bxf2+ 32. Kh2 $11) 31. Kh2 Bxh4 32. Bxf5 Bxf5 (32... Bxe1 33. Rxe1 Bxf5 34. Re7 $16) 33. Rf1) 29... Rxe4 $15 30. Bxe4 Qxf2+ {[%emt 0:02:47] Black attacks} (30... Bxf2+ {is more complex.} 31. Kh2 dxe4 32. Qxe4 Bxe1 33. Rxe1 Rf7) 31. Qxf2 Bxf2+ 32. Kh2 Bxe1 (32... dxe4 $2 33. Rxe4 c5 34. Bc3 cxb4 35. Bxb4 $18) 33. Rxe1 dxe4 34. Rxe4 $11 {[%emt 0:00:04][%mdl 4096] Endgame KRB-KRB. Black is a pawn up.} Rd8 35. Bc3 Kh7 36. Re7 Rd7 37. Re8 Rd3 $1 38. Ba1 Rd1 39. Be5 Bf5 (39... Rd5 $11) 40. Re7 (40. g4 $1 $14 Bb1 41. Re7) 40... Rd7 41. Rxd7 {Weighted Error Value: White=0.18 (very precise) /Black=0.18 (very precise)   Mistake:       	White=3     	Black=2      Inaccurate:     	White=2     	Black=2      OK:         	White=13    	Black=8      Best:        	White=1     	Black=4      Strong:       	---       	Black=2} 1/2-1/2

[Event "Budapest One Week IM-A 03-2025"]
[Site "Budapest"]
[Date "2025.03.18"]
[Round "3.3"]
[White "Nakahara, Kan"]
[Black "Foldes, Marton Gabor"]
[Result "0-1"]
[Annotator "TA"]
[ECO "B22"]
[WhiteElo "2113"]
[BlackElo "2332"]
[PlyCount "200"]
[EventDate "2025.03.17"]
[EventType "tourn"]
[EventCountry "HUN"]
[SourceTitle "playchess.com"]
[Source "ChessBase"]
[SourceQuality "1"]
[TimeControl "5400+30"]

1. e4 c5 2. c3 Nf6 3. e5 Nd5 4. Nf3 e6 5. d4 cxd4 6. cxd4 d6 7. Bc4 Be7 {[%emt 0:00:18] Nowadays more popular than 7...Nc6.} 8. O-O {[%emt 0:00:21] B22: Sicilian: 2 c3.} O-O 9. Bd2 b6 10. Qe2 {[%emt 0:02:36] The position is equal.} Bb7 11. Nc3 Nxc3 12. Bxc3 Nd7 13. Nd2 $146 (13. Rfe1 dxe5 14. dxe5 Qc7 15. Nd4 a6 16. Rad1 Rfd8 17. Bxe6 fxe6 18. Nxe6 Qc6 19. Qg4 {0-1 Zhigalko,S (2671)-Mareco,S (2635) Wch Blitz Doha 2016 (11)}) 13... a6 14. a4 (14. Rfd1 $11) 14... dxe5 $15 15. dxe5 Nc5 16. b4 {[%emt 0:07:56] [#]} (16. Nf3 $15) 16... Nxa4 $1 $17 17. Rxa4 b5 18. Ra3 bxc4 {[%emt 0:00:10] Black plays on the queen side and is better} 19. Nxc4 Qc7 20. Qg4 Bd5 ({Black should try} 20... h5 $15 21. Qf4 a5) 21. Ne3 (21. Nd6 $1 $11 {remains equal.}) 21... Bc6 $36 {[%emt 0:00:26][%mdl 2048] Black is in control.} 22. Qf4 Bb5 {[%emt 0:04:28] A strong pair of Bishops.} 23. Rc1 Rac8 24. h4 f5 25. Bb2 Qb7 26. Rac3 (26. Nc4 $1 $15) 26... Rxc3 27. Rxc3 Qe4 {[%emt 0:00:53] Prevents Nc4. Black is more active.} 28. Qxe4 fxe4 29. Nc2 Bxh4 30. g3 Be7 31. Rc7 (31. Bc1 $17 {keeps fighting.}) 31... Bd8 $1 $19 32. Rb7 Bc6 $1 33. Rb8 Bc7 34. Rxf8+ Kxf8 {[%emt 0:00:00][%mdl 4096] Endgame KBB-KBN. Black is a pawn up.} 35. Kf1 Ba4 36. Nd4 (36. Na3 $142) 36... Kf7 (36... Bxe5 37. Nxe6+ Ke7 38. Bxe5 $11) 37. Ke2 Bxe5 38. Ke3 Bd6 39. Bc3 Bd7 (39... e5 $19 40. Nf5 Bc7 41. Nxg7 Kxg7 42. Kxe4 Kf6) 40. Kxe4 g5 41. Ke3 Kg6 $1 42. Nf3 Kf5 {[%emt 0:00:14] Against Ne5} 43. g4+ $2 (43. Nd4+ Kg4 44. Nb3) 43... Kxg4 {[%emt 0:00:01] ( -> ...Bf4+)} 44. Ne5+ Bxe5 45. Bxe5 {[%emt 0:00:01] KB-KB. Black is two pawns up.} Bc6 $2 (45... h5 46. f3+ Kf5) 46. Ke2 $2 (46. f4) 46... Bb5+ 47. Ke3 h5 48. f3+ Kh3 $2 (48... Kf5 $19 {has better winning chances.} 49. Bd4 e5) 49. Kf2 $17 Bc6 50. Bf6 $2 {[%emt 0:00:40] [#]} (50. Bc7 $17) 50... g4 $1 $19 51. fxg4 Kxg4 ({Not} 51... hxg4 52. Be5 $17) 52. Be7 Kf4 53. Bd6+ Ke4 (53... e5 $142 54. Bf8 h4) 54. Be7 Kd3 55. Bf6 Kc4 (55... Bb7 $142 56. Be5 Bd5) 56. Be7 (56. Ke3 $142 Kxb4 57. Bd8) 56... Kd4 57. Bf6+ Ke4 $2 (57... e5 $19 58. Ke2 Bb5+ 59. Kd2 Ke4) 58. Ke2 $2 (58. Be7 $11) 58... e5 59. Kf2 Kf4 (59... Kf5 $142 60. Bh4 Ke4) 60. Be7 Ke4 61. Bf6 $1 Kf5 62. Be7 Bh1 63. Ke3 Ke6 64. Bd8 Kd5 (64... e4 $142 65. Kd4 Bg2) 65. Be7 Ke6 66. Bd8 $1 Kd5 (66... e4 $142 67. Kd4 Kf5) 67. Be7 $1 Kc4 68. Ke2 Kd4 {[%emt 0:00:30] Strongly threatening ...Ke4.} 69. Bf6 Bd5 70. Kf2 $2 (70. Ke1 Kc4 71. Bxe5) 70... Ke4 71. Ke2 Bc4+ 72. Kf2 Kf4 73. Be7 Bd5 74. Bd8 Bh1 (74... Bf3 $142 75. Bh4 Kg4) 75. Be7 Kg4 76. Bf6 $2 {[%emt 0:00:13] [#]} (76. Kg1 $17) 76... e4 $1 77. Be7 Bf3 78. Bd8 h4 79. Be7 h3 (79... Bh1 $142 80. Bd8 h3 81. Bc7 Kf5 82. Ke3 Ke6 83. Kd4 Kd7 84. Bg3 Bg2 85. Kc4 Kc6 86. Bf4 Bf3 87. Kd4 Kb5 88. Bd6 Bg2 89. Ke3 Kc4 90. Ke2 Kd4 91. Bh2 e3 92. Bf4 Bf3+ 93. Kxf3 Kd3 94. Bg3 e2 95. Bf2 Kd2 (95... h2 96. Kg2 $11) 96. Kg3 e1=Q (96... e1=R $2 97. Kxh3 Rb1 98. Bb6 $19) (96... e1=B $2 97. Bxe1+ Kxe1 98. Kh2 $19) 97. Bxe1+ Kxe1 98. Kxh3 Kd2 99. Kh4 Kc3 100. Kg4 Kxb4 101. Kf3 Kc3 102. Ke2 a5 103. Kd1 Kb2 104. Kd2 a4 105. Ke3 Kc3 106. Kf4 a3 107. Kg5 a2 108. Kf5 a1=Q (108... a1=B 109. Kg6 $11) 109. Kg6 Qf1 110. Kg5 Kd4 111. Kg6 Ke5 112. Kg7 Qf6+ 113. Kh7 Qg5 114. Kh8 Kf6 115. Kh7 Qg7#) 80. Bd6 Kf5 {[%emt 0:00:14] Black mates.} 81. Kg3 Bg2 82. Kf2 Ke6 83. Bf4 Kd5 84. Ke3 Kc4 85. Bd6 Bf3 86. Kd2 Kb3 87. Ke3 Kc3 88. Kf2 Kd3 89. Bc7 Bg4 90. Bf4 Be6 91. Bd6 e3+ 92. Ke1 Bc4 93. Kd1 Ke4 94. Ke1 Kf3 95. Kd1 Kf2 96. Bc5 h2 97. Kc2 h1=Q 98. Kb2 Qd1 99. Be7 Qb3+ 100. Kc1 Bd3 {[%emt 0:00:14] Weighted Error Value: White=0.63/Black=0.39  Loses game:     	White=1     	---        Missed win:     	---       	Black=1      Mistake:       	White=8     	Black=1      Inaccurate:     	White=5     	Black=1      OK:         	White=15    	Black=17     Best:        	White=1     	Black=3      Strong:       	White=1     	Black=2      Brilliant:      	---       	Black=1} 0-1

[Event "Budapest One Week IM-A 03-2025"]
[Site "Budapest"]
[Date "2025.03.18"]
[Round "3.4"]
[White "Krizsany, Laszlo"]
[Black "Ratsma, Midas"]
[Result "0-1"]
[Annotator "NA RC"]
[ECO "D35"]
[WhiteElo "2287"]
[BlackElo "2268"]
[PlyCount "84"]
[EventDate "2025.03.17"]
[EventType "tourn"]
[EventCountry "HUN"]
[SourceTitle "playchess.com"]
[Source "ChessBase"]
[SourceQuality "1"]
[TimeControl "5400+30"]

1. d4 d5 2. c4 e6 3. Nc3 Nf6 4. cxd5 Nxd5 5. e4 Nxc3 6. bxc3 c5 7. Nf3 cxd4 8. cxd4 Bb4+ 9. Bd2 Bxd2+ 10. Qxd2 O-O 11. Rc1 b6 12. Bd3 Nd7 13. O-O Bb7 14. Qf4 Nf6 15. h3 h6 16. Rfd1 Rc8 17. Bb1 Qd7 18. Qe3 Rfd8 19. Rxc8 Rxc8 20. Nd2 Rc7 21. f3 Ba6 22. Nb3 Qc8 23. Rc1 Bc4 24. Nd2 Bb5 25. Nb3 Bc4 26. Nd2 b5 27. Nxc4 Rxc4 28. Rxc4 Qxc4 29. g4 b4 30. Qd3 Qc1+ 31. Kg2 g5 32. Qc2 Qe3 33. Qf2 Qc3 34. Bc2 a5 35. Bb3 Kg7 36. Qg1 Nd7 37. Qd1 Qb2+ 38. Kg3 h5 39. gxh5 Nf6 40. h4 Nxh5+ 41. Kg4 Qg2+ 42. Kxh5 Qh3 0-1

[Event "Budapest One Week IM-A 03-2025"]
[Site "Budapest"]
[Date "2025.03.18"]
[Round "3.5"]
[White "Chakrabarty, Reyaansh"]
[Black "Singh, Siddharth"]
[Result "1-0"]
[Annotator "NA RC"]
[ECO "B90"]
[WhiteElo "2181"]
[BlackElo "2239"]
[PlyCount "78"]
[EventDate "2025.03.17"]
[EventType "tourn"]
[EventCountry "HUN"]
[SourceTitle "playchess.com"]
[Source "ChessBase"]
[SourceQuality "1"]
[TimeControl "5400+30"]

1. e4 c5 2. Nf3 d6 3. d4 cxd4 4. Nxd4 Nf6 5. Nc3 a6 6. Rg1 e5 7. Nb3 h5 8. h3 Be6 9. Be3 Nbd7 10. Qd2 h4 11. O-O-O Rc8 12. Bd3 b5 13. f4 Be7 14. Kb1 Nb6 15. f5 Bd7 16. g4 b4 17. Qf2 Nc4 18. Bxc4 Rxc4 19. Nd5 Nxd5 20. exd5 Qa8 21. Nd2 Qxd5 22. Nxc4 Qxc4 23. g5 d5 24. f6 gxf6 25. gxf6 Bd6 26. Bg5 Bxh3 27. Rh1 Be6 28. Rxh4 Rxh4 29. Bxh4 d4 30. b3 Qc5 31. Bg3 Kd7 32. Re1 a5 33. Qf3 Kc7 34. Qe2 a4 35. Bxe5 axb3 36. axb3 Bxe5 37. Qxe5+ Kc6 38. Qxc5+ Kxc5 39. Rxe6 Kd5 1-0

[Event "Budapest One Week IM-A 03-2025"]
[Site "Budapest"]
[Date "2025.03.19"]
[Round "4.1"]
[White "Turzo, Attila"]
[Black "Singh, Siddharth"]
[Result "0-1"]
[Annotator "TA"]
[ECO "D02"]
[WhiteElo "2272"]
[BlackElo "2239"]
[PlyCount "146"]
[EventDate "2025.03.17"]
[EventType "tourn"]
[EventCountry "HUN"]
[SourceTitle "playchess.com"]
[Source "ChessBase"]
[SourceQuality "1"]
[TimeControl "5400+30"]

1. d4 Nf6 2. Nf3 d5 3. Bf4 c5 4. e3 Nc6 5. c3 Qb6 6. Qb3 c4 7. Qc2 Bf5 8. Qc1 (8. Qxf5 Qxb2 9. Nfd2 g6 $19 (9... Qxa1 $2 10. Qc2 $19)) 8... Nh5 {[%emt 0:00:05] D02: 1 d4 d5 2 Nf3 sidelines, including 2...Nf6 3 g3 and 2...Nf6 3 Bf4.} 9. Bg3 Nxg3 10. hxg3 g6 {[%emt 0:00:08] Black has an edge.} 11. Nbd2 h5 12. Be2 Bh6 $146 (12... Bg7 13. e4 Bxe4 14. Nxe4 dxe4 15. Nd2 Bh6 16. f4 exf3 17. Bxf3 e5 18. Qc2 exd4 19. Nxc4 {0-1 Mikhailovsky,V (2209)-Asgarizadeh,A (2452) Titled Tuesday intern op 3rd Jan blitz 2019 (2)}) 13. O-O O-O 14. Bd1 Qc7 15. Bc2 Bxc2 16. Qxc2 f5 17. b3 b5 18. bxc4 bxc4 19. Qa4 Bg7 20. Nxc4 dxc4 21. Qxc4+ e6 22. Ng5 (22. Qxe6+ $11 {was preferable.} Kh7 23. Rab1) 22... Rfe8 $15 23. Nxe6 Qf7 24. Qxc6 Rac8 (24... Rxe6 $2 25. Qxa8+ Kh7 26. c4 $18) 25. Qa4 {[%emt 0:06:18] Strongly threatening d5.} Rxe6 26. c4 Re4 $36 {[%emt 0:01:29][%mdl 2048] Black has strong initiative.} 27. Rac1 g5 28. c5 h4 29. gxh4 gxh4 30. Qc4 (30. Qa6 $11 Rc7 31. Kh2) 30... f4 31. Qxf7+ Kxf7 32. d5 Re5 {[%emt 0:03:01] Black is more active.} 33. Rc4 $1 Rxd5 {[%emt 0:01:05] Strongly threatening ...fxe3.} 34. Rxf4+ Bf6 35. Ra4 $1 Rcxc5 36. Rxa7+ Kg6 37. a4 Ra5 38. Rxa5 Rxa5 $11 {[%emt 0:00:05][%mdl 4096] Endgame KRB-KR} 39. Kh2 Rxa4 40. g3 hxg3+ 41. Kxg3 Kf5 42. Kf3 Ra8 43. Rb1 Rf8 44. Rb5+ Be5 45. Ke2 Ke6 46. Rb6+ Bd6 47. Ra6 Rb8 48. Ra2 Rb1 49. Rc2 Bb4 50. Ra2 Kd5 51. Kf3 Kc4 52. Ke4 Rh1 53. Rc2+ Bc3 54. f4 Rh8 55. Rg2 Re8+ 56. Kf3 Kd3 57. Re2 Bd2 58. e4 {[%emt 0:00:12] [#]} (58. f5 $1 $11 {remains equal.}) 58... Bxf4 $1 $17 59. Ra2 Be5 ({Of course not} 59... Rxe4 60. Ra3+ Kd4 61. Ra8 $11) 60. Ra3+ Bc3 61. Ra4 Rf8+ 62. Kg4 Bd4 63. e5 Bxe5 64. Kg5 Bd4 65. Kg4 Ke4 66. Kg5 Rg8+ 67. Kh6 Ke5 68. Ra5+ Kf6 69. Ra6+ $2 {[%emt 0:00:19][%mdl 8192] White does not recover from this.} (69. Kh5 $17) 69... Kf5 {[%emt 0:00:07][%cal Rg8h8] Black mates.} 70. Ra5+ Be5 71. Ra7 Rg2 72. Rf7+ {[%emt 0:00:43] [#]} Bf6 $1 73. Kh7 Rh2+ {[%emt 0:00:05] Weighted Error Value: White=0.11 (very precise) /Black=0.08 (flawless)   Loses game:     	White=1     	---        Mistake:       	White=3     	---        Inaccurate:     	White=4     	Black=6      OK:         	White=25    	Black=24     Best:        	White=2     	Black=4      Strong:       	White=2     	---        Brilliant:      	---       	Black=1} 0-1

[Event "Budapest One Week IM-A 03-2025"]
[Site "Budapest"]
[Date "2025.03.19"]
[Round "4.2"]
[White "Ratsma, Midas"]
[Black "Chakrabarty, Reyaansh"]
[Result "1-0"]
[Annotator "TA"]
[ECO "B12"]
[WhiteElo "2268"]
[BlackElo "2181"]
[PlyCount "113"]
[EventDate "2025.03.17"]
[EventType "tourn"]
[EventCountry "HUN"]
[SourceTitle "playchess.com"]
[Source "ChessBase"]
[SourceQuality "1"]
[TimeControl "5400+30"]

1. e4 c6 2. d4 d5 3. e5 c5 4. Nf3 cxd4 5. Nxd4 Nc6 6. Nxc6 {[%emt 0:00:12] B12: Caro-Kann: Advance Variation.} bxc6 7. Bd3 e6 8. Nd2 {[%emt 0:00:08] The position is equal.} Ne7 9. Qe2 {[%emt 0:00:13] Recently 9.Nf3 got a lot of attention.} Ng6 10. Nf3 Be7 11. h4 Qa5+ $146 (11... f6 12. exf6 gxf6 13. h5 Nf8 14. Bh6 e5 15. Bg7 Rg8 16. Bxf8 Kxf8 17. Bxh7 Rh8 {1-0 Ahmadzada,A (2542)-Yaniv,Y (2421) EU-ch 24th Petrovac 2024 (11)}) 12. Bd2 Qa4 (12... Qc7 $14) 13. h5 (13. c4 $16) 13... Nf4 $11 14. b3 Nxd3+ {[%emt 0:00:09] A sharp opening} 15. Qxd3 Qa3 16. h6 gxh6 17. O-O {[%emt 0:06:11] White sacrificed a pawn} (17. Rxh6 $11 Bb7 18. Rc1 (18. Rxh7 O-O-O $11)) 17... Ba6 $15 18. c4 {[%emt 0:01:09] [#]} Bxc4 $1 19. Qc3 (19. Qc2 Bb5) 19... Bb5 20. Nd4 Qc5 21. Rfc1 Qxc3 22. Rxc3 Bb4 23. Rc2 Bxd2 24. Rxd2 Kd7 25. Rc1 Rac8 26. Rdc2 {[%emt 0:01:48] [#]} f6 27. exf6 $16 {[%emt 0:01:06] White is more active.} Bd3 28. Rxc6 Rxc6 29. Nxc6 {[%emt 0:02:59][%mdl 4096] Endgame KRB-KRN} Kd6 {[%emt 0:00:04] Dodges Ne5} 30. f4 Rc8 31. Rc3 $1 (31. f7 Bb5 (31... Bg6 32. Rd1 $15) 32. f8=B+ Rxf8 33. Nxa7 Bd7 $19) 31... d4 32. Rxd3 Kxc6 33. Rxd4 $18 {KR-KR. White is a pawn up.} Rf8 34. Rc4+ Kb6 35. Kf2 Rxf6 36. Ke3 Rg6 37. Kf3 a5 (37... h5 $16 38. g3 Rh6) 38. g4 Rf6 39. Ke4 $2 (39. Rc8 $18 {and White stays clearly on top.}) 39... Rg6 $16 40. Ke5 (40. Kf3 Kb7 41. Rc5 Kb6 $18) 40... Rxg4 41. Kxe6 h5 $1 42. f5 {[%emt 0:02:18] Black must now prevent f6.} Rxc4 $1 43. bxc4 $14 {[%emt 0:00:04] K3P-K3P} h4 $1 {[%emt 0:00:01] [#] And now ...h3 would win.} 44. c5+ Kb5 {[%emt 0:00:23][%mdl 8192] [#]} (44... Kxc5 $2 45. f6 $18) (44... Kc7 $11 45. f6 h3) 45. c6 $1 $18 h3 46. c7 h2 47. c8=Q (47. c8=R $2 h1=Q (47... h1=R $2 {loses.} 48. f6 $18) 48. Rb8+ Kc5 $19 (48... Ka4 $2 49. Rf8 $19)) 47... h1=Q {[%emt 0:00:04] KQ-KQ} 48. Qd7+ Kb4 49. Qd6+ Kc4 50. Qc7+ (50. f6 $142 Qh3+ 51. Ke7) 50... Kd4 51. Qe5+ (51. Qxa5 Qc6+ 52. Ke7 Qb7+ 53. Kd6 Qb8+ 54. Qc7 Qe8 $18) 51... Kc4 52. f6 (52. Qxa5 Qc6+ 53. Ke7 Qe4+ 54. Kf8 Qc6 $18) 52... Qh3+ 53. Ke7 {[%emt 0:00:13] White mates.} Qa3+ 54. Qd6 Qb2 55. Qc6+ Kd3 56. Qd5+ Ke3 57. Qb3+ {[%emt 0:00:15] Weighted Error Value: White=0.29 (precise) /Black=0.55  Loses game:     	---       	Black=1      Missed win:     	White=1     	---        Mistake:       	White=3     	Black=3      Inaccurate:     	---       	Black=2      OK:         	White=19    	Black=7      Best:        	White=2     	Black=9      Strong:       	White=1     	Black=3      Brilliant:      	White=1     	Black=1} 1-0

[Event "Budapest One Week IM-A 03-2025"]
[Site "Budapest"]
[Date "2025.03.19"]
[Round "4.3"]
[White "Foldes, Marton Gabor"]
[Black "Krizsany, Laszlo"]
[Result "0-1"]
[Annotator "TA"]
[ECO "B12"]
[WhiteElo "2332"]
[BlackElo "2287"]
[PlyCount "60"]
[EventDate "2025.03.17"]
[EventType "tourn"]
[EventCountry "HUN"]
[SourceTitle "playchess.com"]
[Source "ChessBase"]
[SourceQuality "1"]
[TimeControl "5400+30"]

1. e4 c6 2. d4 d5 3. e5 Bf5 4. Nf3 e6 5. Be2 c5 6. c3 Nc6 7. O-O cxd4 {[%emt 0:00:21] B12: Caro-Kann: Advance Variation.} 8. Nxd4 Nge7 9. Bb5 a6 {[%emt 0:00:15] The position is equal.} (9... Bxb1 10. Rxb1 a6 11. Bxc6+ Nxc6 12. Nxc6 bxc6 13. Qa4 Qd7 14. b4 Be7 15. Be3 O-O 16. f4 Qc7 17. Bc5 {½-½ Foldes,M (2261)-Krizsany,L (2316) Budapest One Week IM-A 12 2024 (8)}) 10. Bxc6+ bxc6 11. b4 Qc7 12. Qa4 $146 (12. Re1 h6 13. Nd2 g5 14. N2b3 Bg7 15. Qe2 O-O 16. a4 Bh7 17. g3 Nf5 18. a5 Nxd4 19. cxd4 {1-0 Sousa,A (2441)-Morais,M (1986) Figueira da Foz op 17th 2023 (5)}) 12... Bd3 13. Rd1 Bb5 14. Qc2 c5 15. bxc5 Ng6 (15... Nc6 {simplifies} 16. a4 Bc4 17. Nxc6 Qxc6 18. Nd2 Bxc5 19. Nxc4 dxc4 20. Be3 Bxe3 21. fxe3 Rc8) 16. Na3 Bxc5 17. Naxb5 axb5 18. Nxb5 Qxe5 19. Bb2 O-O 20. c4 Qf4 21. cxd5 Rfc8 22. Nc3 (22. dxe6 $14 fxe6 23. Bc3) 22... Ne5 23. Rf1 $2 (23. g3 $11 {and White has nothing to worry.} Qb4 24. a3) 23... Ng4 (23... Rab8 $1 $19 {and ...Ng4 would now be decisive} 24. Qe2 Ng4) 24. g3 $17 Qh6 {[%emt 0:00:24][%csl Gg4][%cal Rh6h2] Black has more active pieces.} 25. h4 {[%emt 0:00:22] [#]} exd5 $1 26. Qf5 Qe6 $40 {[%emt 0:00:48][%mdl 128] Black has strong attack.} 27. Qxd5 {[%emt 0:01:28] [#]} Nxf2 $1 28. Rxf2 $4 (28. Qxe6 $17 Nd3+ 29. Kh1 fxe6 30. Nd1) 28... Bxf2+ $19 {[%emt 0:00:14] Black is clearly winning.} 29. Kg2 Qxd5+ 30. Nxd5 {[%emt 0:00:03] And now Ne7+ would win.} Rc2 {[%emt 0:00:09] Weighted Error Value: White=0.54/Black=0.15 (very precise)   Loses game:     	White=2     	---        Mistake:       	White=1     	Black=1      Inaccurate:     	White=3     	Black=3      OK:         	White=3     	Black=5      Best:        	White=3     	Black=1      Strong:       	---       	Black=2} 0-1

[Event "Budapest One Week IM-A 03-2025"]
[Site "Budapest"]
[Date "2025.03.19"]
[Round "4.4"]
[White "Horvath, David"]
[Black "Nakahara, Kan"]
[Result "1-0"]
[Annotator "TA"]
[ECO "A43"]
[WhiteElo "2279"]
[BlackElo "2113"]
[PlyCount "81"]
[EventDate "2025.03.17"]
[EventType "tourn"]
[EventCountry "HUN"]
[SourceTitle "playchess.com"]
[Source "ChessBase"]
[SourceQuality "1"]
[TimeControl "5400+30"]

1. d4 Nf6 2. c4 c5 3. d5 d6 4. Nc3 g6 5. e4 Bg7 6. h3 O-O 7. Nf3 e6 8. Bd3 exd5 9. exd5 Re8+ 10. Be3 Na6 {[%emt 0:01:11] 10...Rxe3+ is a critical line.} 11. O-O Nc7 12. a4 Na6 {[%emt 0:00:43] E90: King's Indian: Classical: Early deviations and 6 h3.} 13. Rc1 Nb4 14. Bb1 a6 {[%emt 0:06:07][%cal Ob7b5] White is slightly better.} 15. Qd2 Nd7 $146 (15... Bd7 $14) (15... Bd7 16. Rfe1 Qc8 17. Bf4 Rxe1+ 18. Rxe1 Ne8 19. Ne4 Qc7 20. b3 Bf5 21. g4 Bxe4 22. Bxe4 {1-0 Rustemov,A (2525)-Dauner,B (2321) Titled Tuesday intern op 28th Jun Late blitz 2022 (3)}) 16. Bf4 Ne5 17. Nxe5 Bxe5 18. Bxe5 dxe5 19. f4 f5 20. fxe5 Rxe5 21. Rce1 Rxe1 22. Rxe1 Bd7 23. d6 {[%emt 0:11:37] White plays in the center} (23. Qf4 $16) 23... Qh4 $14 24. Nd5 $36 {[%emt 0:02:25][%mdl 2048] White has the initiative.} Nc6 {[%emt 0:01:28][%cal Og8f7] Wards off Re7} 25. Ne7+ (25. Qc3 $14 Kf7 26. g3 Qd4+ 27. Qxd4 cxd4 28. Nc7) 25... Nxe7 $2 {[%emt 0:00:42][%mdl 8192] This move loses the game for Black.} (25... Kf8 $15 {stays ahead.}) 26. Rxe7 $18 ({Weaker is} 26. dxe7 Bxa4 27. Qd5+ Kg7 28. Qe5+ Qf6 $15) 26... Bc6 {[%emt 0:00:37] Inhibits Qd5+.} 27. Qc3 {[%emt 0:01:02][%csl Ge7][%cal Rc3g7] [#] Repels Qf6} Qd4+ 28. Qxd4 cxd4 {[%emt 0:00:02][%cal Bc5d4,Bd4d3,Bd3d2][%mdl 4128] Endgame KRB-KRB} 29. c5 Rd8 30. Ba2+ Kh8 31. Kf2 Bxa4 (31... d3 $142 32. Bc4 (32. Ke3 b6 $18) 32... Bxa4 33. Bxd3 (33. Ke3 b6 $18) 33... Rd7 34. Rxd7 Bxd7) 32. Rxb7 d3 {[%emt 0:00:25] [#]} 33. b3 Bb5 {[%emt 0:00:28] And now ...d2 would win.} 34. b4 (34. Ke3 Bc6 $18) 34... d2 35. Bb3 Bc6 36. Rc7 Bd5 37. Bd1 (37. Bxd5 $2 d1=Q (37... d1=B $2 {perishes.} 38. d7 $18) 38. Bf3 Qd4+ 39. Ke2 Qxb4 $19) 37... Kg8 (37... g5 $142 38. Re7 h6) 38. g3 Re8 39. d7 Rf8 40. Rc8 Be6 41. Rxf8+ {[%emt 0:00:06] Weighted Error Value: White=0.30/Black=1.03  Loses game:     	---       	Black=1      Mistake:       	White=2     	Black=3      Inaccurate:     	---       	Black=4      OK:         	White=11    	Black=6      Best:        	White=2     	Black=4} (41. d8=R Bxc8 42. Rxd2 Kf7 $16) 1-0